 Dungeon Crawl Stone Soup version 0.25.0 (webtiles) character file.

Game seed: 129348676267592901

7700 Brutalitops the Zephyrmancer (level 11, -2/88 HPs)
             Began as a Black Draconian Air Elementalist on June 13, 2020.
             Was a Priest of Sif Muna.
             Slain by a troll (13 damage)
             ... on level 9 of the Dungeon.
             The game lasted 00:55:56 (12741 turns).

Brutalitops the Zephyrmancer (DrAE)                Turns: 12741, Time: 00:55:56

Health: -2/88      AC:  9    Str: 12    XL:     11   Next: 0%
Magic:  21/21      EV: 14    Int: 18    God:    Sif Muna [***...]
Gold:   115        SH:  0    Dex: 13    Spells: 9/24 levels left

rFire    + . .     SeeInvis .   m - +1 executioner's axe (flame)
rCold    . . .     Gourm    .   (shield currently unavailable)
rNeg     . . .     Faith    .   (armour unavailable)
rPois    .         Spirit   .   (helmet restricted)
rElec    +         Reflect  .   (no cloak)
rCorr    .         Harm     .   u - +0 pair of gloves
MR       +....                  E - +0 pair of boots
Stlth    ++........             (no amulet)
HPRegen  0.24/turn              C - ring of wizardry
MPRegen  0.17/turn              q - ring of protection from fire

@: about to teleport
A: breathe lightning, unfitting armour, hooves 1, magic resistance 1,
electricity resistance, strong 1, cold-blooded, AC +7
a: Breathe Lightning, Channel Magic, Forget Spell, Renounce Religion


You were on level 9 of the Dungeon.
You worshipped Sif Muna.
Sif Muna was most pleased with you.
You were not hungry.

You visited 3 branches of the dungeon, and saw 11 of its levels.
You also visited: Sewer and Ossuary.

You collected 549 gold pieces.
You spent 434 gold pieces at shops.

Inventory:

Hand Weapons
 a - a +2 hand axe of venom
 m - a +1 executioner's axe of flaming (weapon)
 r - a +1 hand axe of distortion
 s - a +0 whip of electrocution
 y - the +3 rapier of Weri {pain, rPois rN++ Str-5}
   (You found it on level 7 of the Dungeon)

   In the hands of one skilled in necromantic magic, it inflicts extra damage on
   living creatures.
   It affects your strength (-5).
   It protects you from poison.
   It greatly protects you from negative energy.
 D - a +2 broad axe of flaming
Armour
 u - a +0 pair of gloves (worn)
 E - a +0 pair of boots (worn)
Jewellery
 n - an uncursed ring of stealth
 q - a ring of protection from fire (right hand)
 t - an uncursed ring of positive energy
 C - a ring of wizardry (left hand)
Wands
 p - a wand of iceblast (14)
 B - a wand of paralysis (4)
Scrolls
 d - a scroll of vulnerability
 h - 4 scrolls of teleportation
 i - 3 scrolls of amnesia
 o - a scroll of enchant armour
 w - 3 scrolls of remove curse
 x - a scroll of fog
 z - a scroll of magic mapping
Potions
 e - 5 potions of haste
 f - 2 potions of magic
 g - 5 potions of lignification
 j - 3 potions of curing
 k - 3 potions of stabbing
 l - a potion of might
 v - a potion of mutation
 A - 2 potions of brilliance
Comestibles
 b - 14 rations
 F - a chunk of flesh


   Skills:
 + Level 5.4 Fighting
 + Level 9.1 Axes
 + Level 4.7 Dodging
 - Level 1.8 Stealth
   Level 0.7 Shields
 + Level 7.1 Spellcasting
 + Level 6.8 Conjurations
 + Level 9.4 Air Magic
 + Level 0.1 Evocations


You had 9 spell levels left.
You knew the following spells:

 Your Spells              Type           Power        Failure   Level  Hunger
a - Shock                 Conj/Air       ####         1%          1    None
b - Swiftness             Chrm/Air       ###.....     1%          2    None
c - Static Discharge      Conj/Air       #####...     1%          3    ##.....
d - Airstrike             Air            #####.....   1%          4    ####...
e - Lightning Bolt        Conj/Air       #####.....   4%          5    #####..

Your spell library contained the following spells:

 Spells                   Type           Power        Failure   Level  Hunger
 Corona                   Hex            #......      4%          1    None
 Slow                     Hex            #.......     6%          2    None
 Confusing Touch          Hex            #.......     13%         3    ##.....
 Gell's Gravitas          Tloc           #.........   13%         3    ##.....
 Inner Flame              Hex/Fire       #.......     13%         3    ##.....
 Portal Projectile        Hex/Tloc       #.....       13%         3    ##.....
 Cause Fear               Hex            #.........   38%         4    ####...
 Leda's Liquefaction      Hex/Erth       #.........   38%         4    ####...
 Petrify                  Tmut/Erth      #.......     38%         4    ####...
 Metabolic Englaciation   Hex/Ice        #.........   71%         5    #####..
 Yara's Violent Unravell  Hex/Tmut       #.........   71%         5    #####..


Dungeon Overview and Level Annotations

Branches:
Dungeon (9/15)             Temple (1/1) D:5             Orc (1/2) D:9
  Sewer (visited)         Ossuary (visited)
   Lair: D:8-11

Altars:
Dithmenos
Fedhas
Hepliaklqana
Qazlal
Sif Muna
Trog
Uskayaw
Xom
The Shining One

Shops:
D:4 %   D:6 !*


Innate Abilities, Weirdness & Mutations

You can breathe wild blasts of lightning.
Your glossy black scales are hard. (AC +7)
You cannot fit into any form of body armour.
You are resistant to electric shocks. (rElec)
You are cold-blooded and may be slowed by cold attacks.
You have large cloven feet.
You are resistant to hostile enchantments. (MR+)
Your muscles are strong. (Str +2)


Message History

The orc warrior hits you with a +0 scimitar!
* * * LOW HITPOINT WARNING * * *
You climb upwards.
Welcome back to the Dungeon!
There is a staircase to the Orcish Mines here.
You feel much better. The troll bites you! The troll claws you!
* * * LOW HITPOINT WARNING * * *
The troll claws you but does no damage. The orc warrior closely misses you.
As you read the scroll of teleportation, it crumbles to dust.
You feel strangely unstable. The troll misses you.
The troll completely misses you. The troll claws you!
* * * LOW HITPOINT WARNING * * *
You feel better.
The orc warrior hits you with a +0 scimitar!
* * * LOW HITPOINT WARNING * * *
The troll bites you but does no damage. The troll claws you.
* * * LOW HITPOINT WARNING * * *
The troll claws you.
* * * LOW HITPOINT WARNING * * *
You feel better. The troll barely misses you. The troll claws you!
You die...

############### ##.....####.##
......).......# ##.....####.##
..............# #......#....#.
.....)).......# #......#....#.
......).......# #......#....#.
....).........# #...##.##.####
#########.....# #######.#######
........#.....#####....#......#..
........#.....##@##....#......#..
........#.....##To.....#......#..
........#.....#####....##########
........#.....# #....##..(.####
........#.....# #....'.......#.
##...####.....########'##......#.
##...#..................#......#.
.....#..................#########
.....#..........................#


You could see a troll and an orc warrior.

Vanquished Creatures
  A two-headed ogre (D:9)
  An orc sorcerer (D:9)
  Psyche (D:8)
  Maggie (D:9)
  A troll (D:9)
  2 hippogriffs
  Sigmund (D:6)
  4 yaks (D:9)
  Eustachio (D:5)
  Edmund (D:3)
  2 orc warriors (D:8)
  A phantom (D:4)
  3 sky beasts
  A black bear (D:8)
  2 centaurs
  5 ogres
  3 big kobolds
  5 elf zombies (Ossuary)
  A gnoll sergeant (D:8)
  5 bullfrogs
  3 scorpions
  4 killer bees (D:9)
  5 wights (D:6)
  4 crimson imps
  2 bullfrog zombies
  4 centaur zombies
  4 human zombies (Ossuary)
  5 jellies
  5 orc priests
  A gnoll shaman (D:7)
  A centaur skeleton (D:7)
  4 hounds
  10 orc wizards
  2 iguanas
  4 worker ants
  A killer bee zombie (D:6)
  2 hound skeletons
  4 mummies
  Robin (D:3)
  10 gnolls
  11 adders
  A howler monkey skeleton (D:4)
  A river rat (Sewer)
  4 shadow imps
  8 oozes
  6 adder skeletons
  3 worms
  4 dart slugs
  5 leopard geckos
  31 orcs
  7 ball pythons
  10 giant cockroaches
  12 goblins
  8 hobgoblins
  8 jackals
  12 kobolds
  7 quokkas
  6 bats
  5 frilled lizards
  A jackal skeleton (D:7)
  A quokka skeleton (D:9)
  8 rats
277 creatures vanquished.

Notes
Turn   | Place    | Note
-------+----------+-------------------------------------------
     0 | D:1      | Brutalitops the Draconian Air Elementalist began the quest
                  | for the Orb.
     0 | D:1      | Reached XP level 1. HP: 14/14 MP: 3/3
   324 | D:1      | Reached XP level 2. HP: 20/20 MP: 0/5
   379 | D:1      | Learned a level 2 spell: Swiftness
  1152 | D:2      | Reached XP level 3. HP: 27/27 MP: 1/6
  1157 | D:2      | Learned a level 3 spell: Static Discharge
  1984 | D:3      | Reached skill level 1 in Axes
  1984 | D:3      | Reached XP level 4. HP: 21/34 MP: 0/7
  2285 | D:3      | Found a glowing drain.
  2287 | D:3      | Noticed Robin
  2295 | Sewer    | Entered a sewer
  2562 | Sewer    | Reached XP level 5. HP: 39/39 MP: 3/8
  2900 | Sewer    | Reached skill level 1 in Fighting
  2909 | Sewer    | Reached XP level 6. HP: 32/47 MP: 6/10
  3207 | D:3      | Killed Robin
  4359 | D:4      | Noticed Edmund
  4397 | D:3      | Killed Edmund
  4397 | D:3      | Your scales start taking on a glossy black colour.
  4397 | D:3      | Reached XP level 7. HP: 41/52 MP: 7/12
  4397 | D:3      | Gained mutation: You are resistant to electric shocks.
                  | (rElec) [Black Draconian growth]
  4753 | D:4      | Found Norhudup's Food Boutique.
  5512 | D:5      | Entered Level 5 of the Dungeon
  5577 | D:5      | Reached XP level 8. HP: 55/61 MP: 14/14
  5767 | D:5      | Noticed Eustachio
  5810 | D:5      | Killed Eustachio
  6265 | D:5      | Reached skill level 5 in Spellcasting
  6271 | D:5      | Learned a level 4 spell: Airstrike
  6413 | D:5      | Found a staircase to the Ecumenical Temple.
  6420 | Temple   | Entered the Ecumenical Temple
  6486 | Temple   | Became a worshipper of Sif Muna the Loreminder
  6798 | D:6      | Found a stormy altar of Qazlal.
  7048 | D:6      | Found Satzobum's Distillery.
  7091 | D:6      | Noticed Sigmund
  7105 | D:6      | Killed Sigmund
  7105 | D:6      | Reached skill level 5 in Axes
  7224 | D:6      | Reached skill level 5 in Conjurations
  7446 | D:6      | Found Cuatezib's Assorted Antiques.
  7458 | D:6      | Bought a scroll labeled KOGILI ZELEINK for 31 gold pieces
  7566 | D:6      | Reached XP level 9. HP: 25/69 MP: 15/17
  8526 | D:7      | Reached * piety under Sif Muna
  8867 | D:6      | Bought a glowing executioner's axe for 403 gold pieces
  9119 | D:7      | Got an encrusted rapier
  9120 | D:7      | Identified the +3 rapier of Weri {pain, rPois rN++ Str-5}
                  | (You found it on level 7 of the Dungeon)
  9328 | D:8      | Found a sand-covered staircase.
  9338 | Ossuary  | Entered an ossuary
  9536 | Ossuary  | Gained mutation: Your muscles are strong. (Str +2) [potion
                  | of mutation]
  9536 | Ossuary  | Gained mutation: You are resistant to hostile enchantments.
                  | (MR+) [potion of mutation]
  9536 | Ossuary  | Gained mutation: You have large cloven feet. [potion of
                  | mutation]
  9970 | D:8      | Noticed Psyche
  9972 | D:8      | Paralysed by an orc for 7 turns
 10224 | D:8      | Reached XP level 10. HP: 64/78 MP: 17/19
 10354 | D:8      | Reached ** piety under Sif Muna
 10365 | D:8      | Killed Psyche
 10664 | D:8      | Learned a level 5 spell: Lightning Bolt
 11024 | D:9      | Found a staircase to the Orcish Mines.
 11704 | D:9      | Noticed Maggie
 11712 | D:9      | Killed Maggie
 11712 | D:9      | Reached skill level 5 in Fighting
 11714 | D:9      | Noticed a two-headed ogre
 11723 | D:9      | Killed a two-headed ogre
 12581 | D:9      | Reached *** piety under Sif Muna
 12664 | Orc:1    | Entered Level 1 of the Orcish Mines
 12664 | Orc:1    | Noticed an orc sorcerer
 12672 | D:9      | Killed an orc sorcerer
 12733 | Orc:1    | Reached XP level 11. HP: 66/88 MP: 19/21
 12740 | D:9      | HP: 1/88 [troll (4)]
 12741 | D:9      | Slain by a troll

Illustrated notes

Levels and vault maps discovered:
D:1:      moated_graveyard_arrival, layout_rooms, minmay_misc_feat_iff,
          feat_on_display
D:2:      layout_rooms, first_ration
D:3:      layout_loops_corners, cheibrodos_sewer_entry_drain, uniq_robin
D:4:      layout_basic, serial_shops, nicolae_shop_trees, minmay_mini_jars,
          uniq_edmund
D:5:      layout_basic, minmay_temple_entry_statues_pillars, grunt_ministairs_1,
          grunt_decor_resistance, kennysheep_generic_room_3, uniq_eustachio
D:6:      layout_cave_pods, grunt_qazlal_sundering, serial_shops,
          nicolae_shop_trees, shop_coins, uniq_sigmund
D:7:      layout_layer_cave, minmay_fractal_squares_5
D:8:      layout_loops_ring, gup_ossuary_entry_pyramid, uniq_psyche
D:9:      layout_gridville, orc_0_dummy, hangedman_little_slice_of_home,
          uniq_maggie
Temple:   roderic_octagonal_lattice_temple
Orc:1:    layout_caves, basic_altar, nicolae_orc_tapped_out

Skill      XL: |  1  2  3  4  5  6  7  8  9 10 |
---------------+-------------------------------+-----
Dodging        | 2 3 4 |  4.7
Axes           | 1 2 3 5 7 9 |  9.1
Conjurations   | 2 3 4 5 6 |  6.8
Air Magic      | 4 6 7 8 9 |  9.4
Fighting       | 1 2 3 4 5 |  5.4
Spellcasting   | 3 4 5 6 7 |  7.1
Stealth        | |  1.8
Shields        | |  0.7
Evocations     | |  0.1

Action                   |  1- 3 |  4- 6 |  7- 9 | 10-12 || total
-------------------------+-------+-------+-------+-------++-------
Melee: Hand axe          |    29 |    83 |   235 |       ||   347
       Tailslap          |     3 |     8 |    46 |     5 ||    62
       Executioner's axe |       |       |   103 |    82 ||   185
       Kick              |       |       |    17 |    17 ||    34
 Cast: Shock             |    78 |   100 |   221 |   121 ||   520
       Lightning Bolt    |       |       |       |     4 ||     4
 Abil: Breathe Lightning |       |       |     1 |     6 ||     7
Evoke: Wand              |       |       |       |     2 ||     2
  Use: Scroll            |     3 |     3 |    15 |     2 ||    23
       Potion            |       |       |     8 |     6 ||    14
 Stab: Sleeping          |     2 |     3 |     2 |       ||     7
  Eat: Chunk             |     4 |     9 |     6 |     9 ||    28
       Ration            |       |       |     4 |       ||     4
Armor: Skin              |     6 |    26 |   125 |    26 ||   183
Dodge: Dodged            |    16 |    63 |   192 |   110 ||   381
Block: Buckler           |       |       |    12 |       ||    12
